 Dungeon Crawl Stone Soup version 0.21.1-1-g345015f (webtiles) character file.

31 inc the Ducker (level 3, -1/29 HPs)
             Began as a Demonspawn Monk on June 9, 2018.
             Slain by a worker ant (6 damage)
             ... on level 2 of the Dungeon.
             The game lasted 00:01:07 (961 turns).

inc the Ducker (Demonspawn Monk)                     Turns: 961, Time: 00:01:08

Health: -1/29      AC:  5    Str: 12    XL:     3   Next: 7%
Magic:  3/3        EV: 12    Int: 11    God:
Gold:   92         SH:  0    Dex: 15    Spells: 2/2 levels left

rFire    . . .     SeeInvis .   a - +0 mace
rCold    + . .     Gourm    .   (no shield)
rNeg     . . .     Faith    .   j - +0 ring mail (curse)
rPois    .         Spirit   .   (no helmet)
rElec    .         Reflect  .   (no cloak)
rCorr    .         Harm     .   (no gloves)
MR       .....     Rnd*Tele +   (no boots)
Stlth    +.........             (no amulet)
HPRegen  0.09/turn              g - ring of teleportation (curse)
MPRegen  0.08/turn              (no ring)

@: lethally poisoned (-1 -> -9)
A: claws 1, cold resistance 1
a: no special abilities


You were on level 2 of the Dungeon.
You were not hungry.

You visited 1 branch of the dungeon, and saw 2 of its levels.

You collected 92 gold pieces.

Inventory:

Hand Weapons
 a - a +0 mace (weapon)
Armour
 b - a +0 robe
 j - a cursed +0 ring mail (worn)
Jewellery
 g - a cursed ring of teleportation (left claw)
Scrolls
 f - a scroll of teleportation {unknown}
 h - a scroll of identify {unknown}
 i - a scroll of blinking {unknown}
Potions
 d - a potion of flight {unknown}
 e - a potion of mutation {unknown}
Comestibles
 c - 3 rations


   Skills:
 - Level 3.0 Fighting
 - Level 2.6 Maces & Flails
 - Level 3.2 Dodging
 - Level 1.7 Stealth
 + Level 1.7 Unarmed Combat


You had 2 spell levels left.
You didn't know any spells.

Dungeon Overview and Level Annotations

Branches:
Dungeon (2/15)

Altars:
Dithmenos
Gozag

Shops:
D:2 *


Innate Abilities, Weirdness & Mutations

You have sharp fingernails.
Your flesh is cold resistant. (rC+)


Message History

The worker ant bites you but does no damage.
You barely miss the worker ant.
The worker ant is severely wounded.
The worker ant bites you but does no damage.
The worker ant bites you.
You hit the worker ant but do no damage.
The worker ant is severely wounded.
You feel sick. The worker ant bites you.
* * * LOW HITPOINT WARNING * * *
You are lethally poisoned!
The worker ant poisons you!
You hit the worker ant.
The worker ant is almost dead.
* * * LOW HITPOINT WARNING * * *
You feel sick. The worker ant misses you. The worker ant closely misses you.
You hit the worker ant but do no damage.
The worker ant is almost dead.
* * * LOW HITPOINT WARNING * * *
You feel sick. The worker ant bites you.
You die...

....#.# #.#.#
#.###.#######.#.#
#.............#.#
###############.#
..>........########
....<..............
###..(.###########
###.##.############
>........ba@........
.#...####.##########
..........#
.........##
.#######. ....≈≈≈ ≈≈
.≈≈≈≈.. ..≈
##.≈....⌠ ⌠.≈
#...._...∩..≈


You could see a worker ant and a bat.

Vanquished Creatures
  An ooze (D:1)
  2 dart slugs (D:1)
  A leopard gecko (D:1)
  A ball python (D:1)
  A giant cockroach (D:2)
  2 goblins (D:1)
  3 hobgoblins (D:1)
  3 bats
  3 frilled lizards (D:1)
  2 kobolds (D:1)
  3 rats (D:1)
22 creatures vanquished.

Notes
Turn   | Place    | Note
-------+----------+-------------------------------------------
     0 | D:1      | inc the Demonspawn Monk began the quest for the Orb.
     0 | D:1      | Reached XP level 1. HP: 18/18 MP: 1/1
    92 | D:1      | Gained mutation: You have sharp fingernails. [demonic ancestry]
    92 | D:1      | Reached XP level 2. HP: 15/24 MP: 2/2
   297 | D:1      | Reached skill level 1 in Unarmed Combat
   879 | D:2      | Found an opulent altar of Gozag.
   881 | D:2      | Found a shadowy altar of Dithmenos.
   885 | D:2      | Gained mutation: Your flesh is cold resistant. (rC+) [demonic ancestry]
   885 | D:2      | Reached XP level 3. HP: 29/29 MP: 3/3
   945 | D:2      | Found Gozag's Platinum Reserve.
   961 | D:2      | Slain by a worker ant

Skill      XL: |  1  2 |
---------------+-------+-----
Dodging        | 3 |  3.2
Unarmed Combat | 1 |  1.7
Fighting       | |  3.0
Maces & Flails | |  2.6
Stealth        | |  1.7

Action                   || total
-------------------------++-------
Melee: Mace              ||    73
 Stab: Sleeping          ||     4
Armor: Robe              ||     9
       Ring mail         ||     7
Dodge: Dodged            ||    65
